 Dungeon Crawl Stone Soup version 0.25.0-9-g26727b657a (webtiles) character file.

Game seed: 3226487988043879219

235 Peloso the Slasher (level 5, 42/42 HPs)
             Began as a Minotaur Fighter on June 20, 2020.
             Got out of the dungeon alive.
             The game lasted 00:04:56 (2707 turns).

Peloso the Slasher (Minotaur Fighter)               Turns: 2707, Time: 00:04:56

Health: 42/42      AC: 11    Str: 21    XL:     5   Next: 76%
Magic:  4/4        EV:  5    Int:  5    God:
Gold:   153        SH:  9    Dex: 10    Spells: 4/4 levels left

rFire    . . .     SeeInvis .   a - +0 long sword
rCold    . . .     Gourm    .   c - +0 kite shield
rNeg     . . .     Faith    .   h - +0 chain mail
rPois    .         Spirit   .   (helmet restricted)
rElec    .         Reflect  .   (no cloak)
rCorr    .         Harm     .   (no gloves)
MR       .....                  (no boots)
Stlth    ..........             (no amulet)
HPRegen  0.14/turn              i - ring of stealth
MPRegen  0.09/turn              (no ring)

@: no status effects
A: retaliatory headbutt, horns 2, thin metallic scales 1, frail 1, no potion
heal 1
a: no special abilities


You escaped.
You were hungry.

You visited 1 branch of the dungeon, and saw 3 of its levels.

You collected 153 gold pieces.

Inventory:

Hand Weapons
 a - a +0 long sword (weapon)
Armour
 b - a +0 scale mail
 c - a +0 kite shield (worn)
 h - a +0 chain mail (worn)
Jewellery
 i - a ring of stealth (left hand)
Scrolls
 e - a scroll of fog {unknown}
 g - 2 scrolls of random uselessness {unknown}
 j - 2 scrolls of remove curse {unknown}
 k - 2 scrolls of identify {unknown}
Potions
 d - 2 potions of might
 l - a potion of curing
Comestibles
 f - 3 rations


   Skills:
 + Level 4.8 Fighting
 + Level 5.3 Long Blades
 + Level 4.5 Armour
 + Level 0.3 Dodging
 + Level 4.5 Shields


You had 4 spell levels left.
You didn't know any spells.
Your spell library was empty.

Dungeon Overview and Level Annotations

Branches:
Dungeon (3/15)

Altars:
Ashenzari
Gozag
Ru


Innate Abilities, Weirdness & Mutations

You reflexively headbutt those who attack you in melee.
You have a pair of horns on your head.
You are partially covered in thin metallic scales. (AC +2)
You are frail. (-10% HP)
Potions are less effective at restoring your health.


Message History

You start waiting.
Done waiting.
(D) Dungeon
Where to? (Enter - D:12, ? - help)
What level of the Dungeon? (default 1, ? - help)
There is a stone staircase leading up here.
You climb upwards.
There is a stone staircase leading down here.
There is a stone staircase leading up here.
You climb upwards.
There is a stone staircase leading down here.
You open the door.
There is an open door here.
You open the door.
There is an open door here.
There is an open door here.
You see here a leather armour.
There is a staircase leading out of the dungeon here.
Are you sure you want to leave the Dungeon?
This will make you lose the game!
You have escaped!

# #.#........#.....##........... #
#.#.......................#...
####.#....######'##.###......#รท..
...#.#....# ####.#### #......#...
##.#.#....###..#.#..###..........
.#.#.#....##.#.#.#.#.##.....#####
##.#.#######..#...#..##.#####
...#.# ######..[..####.#
####'####.'.....@.....+.#
..........####.....######
........####..#...#..# ........#
#.#.#.#.#.# ........# ##..#.#..##
........# ####.#### ........# #'#
...(....# ##.# ........# #..#


There were no monsters in sight!

Vanquished Creatures
  An orc priest (D:3)
  A bullfrog skeleton (D:3)
  Terence (D:2)
  4 adders
  4 gnolls (D:3)
  An ooze (D:1)
  2 dart slugs (D:1)
  3 leopard geckos
  4 orcs (D:3)
  5 giant cockroaches
  6 goblins
  9 hobgoblins
  3 jackals (D:2)
  8 bats
  5 frilled lizards
  6 kobolds
  4 rats
67 creatures vanquished.

Notes
Turn   | Place    | Note
-------+----------+-------------------------------------------
     0 | D:1      | Peloso the Minotaur Fighter began the quest for the Orb.
     0 | D:1      | Reached XP level 1. HP: 19/19 MP: 0/0
   117 | D:1      | Reached XP level 2. HP: 23/27 MP: 1/1
   662 | D:1      | Reached XP level 3. HP: 32/33 MP: 2/2
   690 | D:1      | Reached skill level 3 in Long Blades
   920 | D:2      | Found a faded altar of an unknown god.
  1233 | D:2      | Found a sacrificial altar of Ru.
  1250 | D:2      | Noticed Terence
  1258 | D:2      | Killed Terence
  1258 | D:2      | Reached skill level 4 in Long Blades
  1258 | D:2      | Reached XP level 4. HP: 39/40 MP: 3/3
  1416 | D:2      | Found a shattered altar of Ashenzari.
  1842 | D:3      | Reached XP level 5. HP: 38/46 MP: 4/4
  1967 | D:3      | Reached skill level 5 in Long Blades
  2116 | D:3      | Found an opulent altar of Gozag.
  2381 | D:3      | Gained mutation: Potions are less effective at restoring
                  | your health. [potion of mutation]
  2381 | D:3      | Gained mutation: You are frail. (-10% HP) [potion of
                  | mutation]
  2381 | D:3      | Gained mutation: You are partially covered in thin metallic
                  | scales. (AC +2) [potion of mutation]
  2707 | D:$      | Got out of the dungeon alive.

Illustrated notes

Levels and vault maps discovered:
D:1:      nzn_arrival_crosshair, layout_basic
D:2:      layout_rooms, lemuel_crystal_altar, nicolae_ashenzari_panopticon,
          first_ration, chequers_ecumenical_altar_simple_redux, uniq_terence
D:3:      layout_rooms, marbit_many_paths

Skill      XL: |  1  2  3  4  5 |
---------------+----------------+-----
Armour         | 4 |  4.5
Shields        | 4 |  4.5
Long Blades    | 4 5 |  5.3
Fighting       | 4 |  4.8
Dodging        | |  0.3

Action                   |  1- 3 |  4- 6 || total
-------------------------+-------+-------++-------
Melee: Long sword        |   111 |    67 ||   178
       Headbutt          |    14 |    12 ||    26
  Use: Potion            |       |     5 ||     5
  Eat: Chunk             |     1 |     4 ||     5
Armor: Scale mail        |    15 |       ||    15
       Chain mail        |    54 |    48 ||   102
Dodge: Dodged            |    35 |    22 ||    57
Block: Kite shield       |    69 |    53 ||   122
       Rpst.: Long sword |    13 |     8 ||    21
